 Dungeon Crawl Stone Soup version 0.21.1-1-g345015fe64 (webtiles) character file.

303 PikkenKukken the Poker (level 6, -2/48 HPs)
             Began as a Demonspawn Berserker on June 10, 2018.
             Was a Believer of Trog.
             Slain by an ice beast (13 damage)
             ... on level 4 of the Dungeon.
             The game lasted 00:08:14 (3012 turns).

PikkenKukken the Poker (Demonspawn Berserker)       Turns: 3012, Time: 00:08:16

Health: -2/48      AC:  5    Str: 19    XL:     6   Next: 15%
Magic:  6/6        EV: 13    Int:  8    God:    Trog [**....]
Gold:   121        SH:  0    Dex: 13    Spells: 5/5 levels left

rFire    . . .     SeeInvis .   a - +1 spear
rCold    . . .     Gourm    .   (no shield)
rNeg     + . .     Faith    .   b - +1 animal skin
rPois    .         Spirit   .   (helmet restricted)
rElec    .         Reflect  .   (no cloak)
rCorr    .         Harm     .   (no gloves)
MR       .....                  (no boots)
Stlth    +.........             (no amulet)
HPRegen  0.16/turn              h - ring of positive energy
MPRegen  0.10/turn              k - ring of wizardry

@: no status effects
A: horns 1, slimy green scales 1, powered by death 1, spiny 1
a: Berserk, Trog's Hand, Burn Spellbooks, Renounce Religion


You were on level 4 of the Dungeon.
You worshipped Trog.
Trog was pleased with you.
You were not hungry.

You visited 1 branch of the dungeon, and saw 4 of its levels.

You collected 121 gold pieces.

Inventory:

Hand Weapons
 a - a +1 spear (weapon)
Missiles
 j - 28 arrows
Armour
 b - a +1 animal skin (worn)
Jewellery
 h - a ring of positive energy (left hand)
 k - a ring of wizardry (right hand)
Scrolls
 d - a scroll of teleportation
 e - 2 scrolls of remove curse
 f - a scroll of enchant weapon
Potions
 i - a potion of flight
Comestibles
 c - 8 rations


   Skills:
 + Level 4.1 Fighting
 + Level 4.7 Polearms
 + Level 2.0 Armour
 + Level 3.4 Dodging


You had 5 spell levels left.
You didn't know any spells.

Dungeon Overview and Level Annotations

Branches:
Dungeon (4/15)
 Temple: D:4-7

Altars:
Elyvilon
Zin

Annotations:
D:4 Dowan, Duvessa


Innate Abilities, Weirdness & Mutations

You have a pair of small horns on your head.
You are partially covered in slimy green scales. (AC +2)
You regenerate a little health from kills.
You are partially covered in sharp spines.


Message History

The ice beast freezes you!
You barely miss the ice beast.
The ice beast is moderately wounded.
You hit the ice beast.
The ice beast is heavily wounded.
The ice beast hits you but does no damage.
You hit the ice beast.
You headbutt the ice beast, but do no damage.
The ice beast is severely wounded.
The ice beast hits you. The ice beast freezes you!
* * * LOW HITPOINT WARNING * * *
You are too injured to fight recklessly!
You are too injured to fight recklessly!
You puncture the ice beast!
You headbutt the ice beast, but do no damage.
The ice beast is almost dead.
The ice beast hits you.
* * * LOW HITPOINT WARNING * * *
The ice beast freezes you!
You die...

....<.......
...#.......# ..#.#
.. +........ .#..
. #.#e...#. ...#
#.#.#### ..##
#.#ยง# ...## #.# #
#...#####. ..# .
#Y.........#
....###@.........#
...>...(.........#
...#####.........#
#.........#
#.........#
#.........#
#.........#######
#................
#...######.######


You could see an ice beast.

Vanquished Creatures
  An ogre (D:4)
  A scorpion (D:2)
  An orc priest (D:4)
  An orc wizard (D:4)
  4 adders
  An ooze (D:1)
  3 dart slugs
  4 leopard geckos
  10 orcs
  4 bats (D:1)
  2 giant cockroaches
  10 goblins
  4 hobgoblins
  A ball python (D:1)
  3 frilled lizards
  5 kobolds
  5 rats
60 creatures vanquished.

Notes
Turn   | Place    | Note
-------+----------+-------------------------------------------
     0 | D:1      | PikkenKukken the Demonspawn Berserker began the quest for the Orb.
     0 | D:1      | Reached XP level 1. HP: 18/18 MP: 1/1
    48 | D:1      | Gained mutation: You regenerate a little health from kills. [demonic ancestry]
    48 | D:1      | Reached XP level 2. HP: 18/24 MP: 2/2
   592 | D:1      | Gained mutation: You are partially covered in slimy green scales. (AC +2) [demonic ancestry]
   592 | D:1      | Reached XP level 3. HP: 18/29 MP: 3/3
   594 | D:1      | Reached ** piety under Trog
  1314 | D:2      | Noticed a scorpion
  1564 | D:2      | Killed a scorpion
  1564 | D:2      | Gained mutation: You have a pair of small horns on your head. [demonic ancestry]
  1564 | D:2      | Reached XP level 4. HP: 22/37 MP: 4/4
  1903 | D:2      | Found a white marble altar of Elyvilon.
  1903 | D:2      | Found a glowing silver altar of Zin.
  2408 | D:2      | Gained mutation: You are partially covered in sharp spines. [demonic ancestry]
  2408 | D:2      | Reached XP level 5. HP: 35/42 MP: 5/5
  2591 | D:4      | Noticed Duvessa
  2591 | D:4      | Noticed Dowan
  2852 | D:4      | Noticed an ogre
  2873 | D:4      | Killed an ogre
  2873 | D:4      | Reached XP level 6. HP: 28/48 MP: 6/6
  3001 | D:4      | Noticed an ice beast
  3012 | D:4      | Slain by an ice beast

Skill      XL: |  1  2  3  4  5 |
---------------+----------------+-----
Polearms       | 3 4 |  4.7
Armour         | 2 |  2.0
Dodging        | 2 3 |  3.4
Fighting       | 4 |  4.1

Action                   |  1- 3 |  4- 6 || total
-------------------------+-------+-------++-------
Melee: Spear             |   153 |    85 ||   238
       Headbutt          |       |    14 ||    14
  Use: Scroll            |     9 |     3 ||    12
       Potion            |     3 |     4 ||     7
 Stab: Sleeping          |     1 |       ||     1
  Eat: Chunk             |     2 |     5 ||     7
Armor: Animal skin       |    34 |    10 ||    44
Dodge: Dodged            |    84 |    25 ||   109
